 Dungeon Crawl Stone Soup version 0.28.0-45-g0d030f2227 (webtiles) character file.

Game seed: 3378323334852956922

2590 quokkamancerX the Basher (level 9, -9/75 HPs)
             Began as a Naga Berserker on Apr 21, 2022.
             Was a Priest of Trog.
             Shot with an arrow by a centaur warrior (15 damage)
             ... on level 8 of the Dungeon.
             The game lasted 00:35:19 (11631 turns).

quokkamancerX the Basher (Naga Berserker)          Turns: 11631, Time: 00:35:20

Health: -9/75      AC:  8    Str: 30    XL:     9   Next: 58%
Magic:  9/9        EV:  7    Int:  7    God:    Trog [***...]
Gold:   491        SH:  0    Dex: 11    Spells: 8/8 levels left

rFire   . . .      SeeInvis +   j - +0 flail (vorpal)
rCold   . . .      Faith    .   (no shield)
rNeg    . . .      Spirit   .   f - +0 chain mail
rPois   +          Reflect  .   (no helmet)
rElec   .          Harm     .   i - scarf {shadows}
rCorr   .          Rampage  .   b - +0 pair of gloves
Will    ++...                   (no barding)
Stlth   ..........              (no amulet)
HPRegen 0.22/turn               m - +6 ring of strength
MPRegen 0.11/turn               t - ring of willpower

@: very slow
A: AC +3, large, see invisible, deformed body, poison resistance, slowness 2,
spit poison 1, naga tail 1
a: Spit Poison, Renounce Religion, Berserk, Trog's Hand


You were on level 8 of the Dungeon.
You worshipped Trog.
Trog was most pleased with you.
You visited 1 branch of the dungeon, and saw 8 of its levels.

You collected 491 gold pieces.

Inventory:

Hand Weapons
 j - a +0 vorpal flail (weapon)
Missiles
 r - 6 javelins
Armour
 b - a +0 pair of gloves (worn)
 f - a +0 chain mail (worn)
 i - a scarf of shadows (worn)
 p - a +0 cloak
Jewellery
 m - a +6 ring of strength (left hand)
 t - a ring of willpower (right hand)
Wands
 a - a wand of charming (13)
 g - a wand of iceblast (2)
 s - a wand of flame (43) (quivered)
 u - a wand of acid (7)
Scrolls
 c - 4 scrolls of enchant weapon
 h - a scroll of fog
 v - a scroll of fear
 w - 3 scrolls of teleportation
 x - a scroll of immolation
Potions
 d - 2 potions of flight
 e - a potion of haste
 n - 2 potions of curing
 q - 3 potions of heal wounds
 z - a potion of cancellation


   Skills:
 - Level 3.0 Fighting
 * Level 13.0 Maces & Flails
 - Level 1.5 Armour
 - Level 1.5 Dodging


You had 8 spell levels left.
You didn't know any spells.
Your spell library was empty.

Dungeon Overview and Level Annotations

Branches:
Dungeon (8/15)             Temple (0/1) D:4
   Lair: D:8-11

Altars:
Fedhas
Gozag

Shops:
D:7 :


Innate Abilities, Weirdness & Mutations

Your serpentine skin is tough. (AC +3)
You have supernaturally acute eyesight. (SInv)
Armour fits poorly on your strangely shaped body.
Your system is resistant to poisons. (rPois)
You cover ground very slowly.
You can spit poison.
You have a snake-like lower body.


Message History

Your yak dissolves into shadows!
You swap places.
Your yak dissolves into shadows! x2
You swap places.
Your yak dissolves into shadows!
Your sky beast dissolves into shadows!
You swap places.
You swap places.
Your jelly dissolves into shadows!
Found a robe.
g - a wand of iceblast (2)
An orc comes into view. It is wielding a +0 vorpal flail.
The orc shouts!
You hear a shout!
You sock the orc!
You kill the orc!
Trog accepts your kill.
Things that are here:
a +0 vorpal flail; a +0 scale mail
j - a +0 vorpal flail
There is a stone staircase leading up here.
You are now empty-handed.
You drop a +1 spectral flail.
There is a stone staircase leading up here.
j - a +0 vorpal flail (weapon)
You open the door.
There is an open door here.
There is an open door here.
You open the door.
Found a stone staircase leading down.
There is an open door here.
A centaur warrior comes into view.
The centaur warrior shouts!
You hear a shout! x2
The centaur warrior wields a +0 longbow.
The centaur warrior shoots an arrow.
The arrow hits you!
The centaur warrior shoots an arrow.
The arrow hits you!!
The centaur warrior shoots an arrow.
The arrow hits you!!
* * * LOW HITPOINT WARNING * * *
The centaur warrior shoots an arrow.
The arrow hits you!
* * * LOW HITPOINT WARNING * * *
The centaur warrior shoots an arrow.
The arrow hits you!
You die...

#......# #.###.#...# #######
#......# #.#...#.#######.....#
#......# #.#.###.............#
#......# #.#.# #.............#
#......#####.#.# ##.......[.....
#............#'#######...#......
#......###.......# #.###......
#......###.......#####..........
#.....>..'.....@................
##########.......########......[
#.......# #....... #.......#
##...... #......... #.#####
#.......#+# #.. #.....c.. ##..
#######... ... #+##


You could see a centaur warrior.

Vanquished Creatures
  Sigmund (D:4)
  Menkaure (D:5)
  Duvessa (D:5)
  3 ogres
  3 centaurs
  2 phantoms
  2 scorpions (D:5)
  A water moccasin zombie (D:5)
  A gnoll sergeant (D:7)
  Dowan (D:5)
  6 electric eels (D:5)
  3 centaur zombies
  A bullfrog zombie (D:6)
  3 jellies
  3 hounds
  3 orc priests
  Crazy Yiuf (D:3)
  5 centaur skeletons
  A gnoll shaman (D:7)
  Terence (D:2)
  2 orc wizards
  Natasha (thrice) (D:4)
  2 iguanas
  A howler monkey zombie (D:7)
  7 gnolls (D:7)
  7 adders
  2 ufetubi
  An adder skeleton (D:4)
  2 dart slugs
  9 orcs
  6 ball pythons
  6 bats
  9 endoplasms
  5 giant cockroaches
  8 goblins
  11 hobgoblins
  11 jackals
  3 quokkas
  4 frilled lizards
  10 kobolds
152 creatures vanquished.

Vanquished Creatures (others)
  36 plants (D:5)
36 creatures vanquished.

Grand Total: 188 creatures vanquished

Notes
Turn   | Place    | Note
-------+----------+-------------------------------------------
     0 | D:1      | quokkamancerX the Naga Berserker began the quest for the
                  | Orb.
     0 | D:1      | Reached XP level 1. HP: 21/21 MP: 1/1
   740 | D:1      | Reached XP level 2. HP: 22/28 MP: 2/2
  1272 | D:1      | Found a blossoming altar of Fedhas.
  1364 | D:1      | Reached skill level 4 in Maces & Flails
  1397 | D:1      | Reached XP level 3. HP: 16/34 MP: 3/3
  1671 | D:1      | Found a faded altar of an unknown god.
  1710 | D:1      | Reached ** piety under Trog
  2486 | D:2      | Noticed Terence
  2493 | D:2      | Killed Terence
  2494 | D:2      | Reached XP level 4. HP: 42/42 MP: 4/4
  2548 | D:2      | Reached skill level 5 in Maces & Flails
  3310 | D:3      | Found a transporter.
  3319 | D:3      | Found a transporter.
  3688 | D:3      | Reached XP level 5. HP: 45/49 MP: 5/5
  4945 | D:3      | Found a runed translucent door.
  4946 | D:3      | Noticed Crazy Yiuf
  4953 | D:3      | Killed Crazy Yiuf
  4954 | D:3      | Reached skill level 6 in Maces & Flails
  5247 | D:4      | Noticed an ogre
  5260 | D:4      | Killed an ogre
  5261 | D:4      | Reached XP level 6. HP: 56/56 MP: 6/6
  5486 | D:4      | Noticed Sigmund
  5490 | D:4      | Found a staircase to the Ecumenical Temple.
  5498 | D:4      | Killed Sigmund
  5499 | D:4      | Reached skill level 7 in Maces & Flails
  5499 | D:4      | Reached XP level 7. HP: 62/62 MP: 7/7
  5504 | D:4      | Reached skill level 8 in Maces & Flails
  5652 | D:4      | Noticed Natasha
  5656 | D:4      | Killed Natasha
  5773 | D:4      | Noticed Natasha
  5777 | D:4      | Killed Natasha
  6451 | D:4      | Noticed Natasha
  6458 | D:4      | Killed Natasha
  6581 | D:5      | Entered Level 5 of the Dungeon
  6638 | D:5      | Noticed Duvessa
  6639 | D:5      | Noticed Dowan
  6652 | D:5      | Killed Duvessa
  6653 | D:5      | Reached skill level 9 in Maces & Flails
  6658 | D:5      | Killed Dowan
  6659 | D:5      | Reached XP level 8. HP: 33/69 MP: 8/8
  7349 | D:5      | Noticed Menkaure
  7358 | D:5      | Killed Menkaure
  7359 | D:5      | Reached skill level 10 in Maces & Flails
  8432 | D:5      | Reached skill level 11 in Maces & Flails
  8756 | D:6      | Reached XP level 9. HP: 59/75 MP: 9/9
  9465 | D:6      | Found an opulent altar of Gozag.
  9684 | D:6      | Reached skill level 12 in Maces & Flails
  9878 | D:7      | Reached *** piety under Trog
 11070 | D:7      | Found Kehaif's Book Boutique.
 11337 | D:7      | Reached skill level 13 in Maces & Flails
 11629 | D:8      | Noticed a centaur warrior
 11631 | D:8      | Shot with an arrow by a centaur warrior

Illustrated notes

Levels and vault maps discovered:
D:1:      sevenhm_arrival_forest_fort_small_5, layout_basic,
          shapermc_ecumenical_altar_starsandcircs, st_stairs_14,
          kennysheep_flooded_box, serial_park_tiny_1
D:2:      layout_basic, uniq_terence
D:3:      gammafunk_wand_slinger, layout_basic, minmay_goblin_outpost,
          uniq_crazy_yiuf_cottage
D:4:      layout_basic, minmay_temple_entry_arrows, uniq_natasha, uniq_sigmund
D:5:      cheibrodos_two_vegetables, layout_loops_cross, serial_bayou_lagoon_a,
          chequers_serial_rivers_small_b, uniq_menkaure, uniq_duvessa
D:6:      layout_loops_ring, lemuel_round_altar
D:7:      layout_basic, serial_shops, nicolae_shop_statue_plus, serial_glass,
          glass_columns_a, glass_columns_c, glass_columns_b, glass_columns_a,
          glass_columns_c, glass_columns_c, glass_columns_b, glass_columns_a,
          due_unseen_surprise, minmay_strange_pillars
D:8:      layout_basic, grunt_ministairs_12

Skill      XL: |  1  2  3  4  5  6  7  8  9 |
---------------+----------------------------+-----
Maces & Flails | 4 5 6 7 9 11 13 | 13.0
Fighting       | |  3.0
Armour         | |  1.5
Dodging        | |  1.5

Action                   |  1- 3 |  4- 6 |  7- 9 || total
-------------------------+-------+-------+-------++-------
Melee: Mace              |   139 |    27 |       ||   166
       Punch             |       |     2 |     3 ||     5
       Flail             |       |    56 |   244 ||   300
Throw: Dart              |       |     4 |       ||     4
       Javelin           |       |     1 |     1 ||     2
Invok: Berserk           |     1 |     3 |     4 ||     8
       Trog's Hand       |       |       |     1 ||     1
 Abil: Spit Poison       |     1 |    16 |     7 ||    24
Evoke: Wand              |       |       |    14 ||    14
  Use: Scroll            |       |       |    14 ||    14
Armor: Chain mail        |    87 |    55 |   118 ||   260
Dodge: Dodged            |    70 |    24 |    90 ||   184
